Map: Triton LE

Players

Trizztein

  • Race: Zerg Zerg
  • League: Diamond
  • Spawn Location: 11:00

A.I. 1 (Medium) - Winner!

  • Race: Terran Terran
  • Spawn Location: 5:00

VOD

Have the link to the VOD?

Description

Liste des supply barrières à drones: (n'importe quoi qui fait que je peux pas faire 5SD en continu)
28 ling speed
30 OV (puisqu'on réserve une larve pour ça)
31 queen 3 (parfois on a l'argent par contre ...)
36 B3 OV
38 queen
42 +1
44 lair
46 spores
Queen et puis c'est good

À évaluer ...
- Constance des injects
- Supply efficiency
- Creep spread
- Dépense minerais/gas
- Efficacité des larves

Overlord plan: jusqu'à nouvel ordre, à partir de la troisième minute, on fait toujours les OV avec les injects jusqu'à max out.
3:15- 1 OV pour cet inject
3:45- 2 OV
5:45- 4 OV
6:15- Le nombre qu'il faut pour max out

----

Creep spread VS inject plan:

Queen 1 injecte
Queen 2 pose CT en premier PUIS va devenir inject queen de la nat
Queen 3 lorsque poppe (3:15), fait 1 tumeur pour avancer le creep face a la nat, puis à 3:45 place la tumeur de la main PUIS se rend vers la B3 où elle placera la premi're tumeur pour etendre le creep en face de la B3 plus tard.
4ème queen va devenir la macro queen de la B3. Va avoir un peu d energie d extra mais je prefere ceci au fait d avoir une queen trop ajustee sur son energie.
Queen 5 = queen defensive

--

1:59 21 OV first scout pour la ligne transverse.
2:10 28 ling speed
2:30 30 OV (vu qu on ne prend pas quick third)
2:50 scout avec OV nat
3:05 @100 gas et 31 supply: lair
3:10/ 36 evo + third base + 1 OV (+1 remplacement)
3:20/38 queen
3:35 / 42 +1 ling
44 lair, double gas
3:45 2 OV, spores, cinquième (et dernière) queen)
4:15 2 OV (et premier inject de la third? à clarifier)
4:30 100% lair - overseer
4:45 B4 dès qu'on finit de saturer les minerais sur 3 bases.
5:00 (si on ne sent pas l'all-in venir) hydra den, baneling nest + 2d evo
5:30 +2 +1, hydra speed et range, bane speed (tout ensemble)
6:30 infestation pit
7:00 (environ) hive, spire, lurker den,
8:30, continuer upgrades, prendre B5+B6, ajouter static D, continuer drone transfers

---

BO seulement

Speedling on enleve pas du gas
Evo et hatch
lair et +1
spores
2 gas
fill gas
banenest evo hydra nest +2 melee
hydra upgrades
4th hatch
infestation pit et +2 range
hive, spire et lurker den
adrenal glands / greater spire / lurker upgrades / ultra den
prends plus de bases, drone transfers

-- Sequence 3:10

Injects + B3 + OV PUIS creep spread PUIS 4eme queen PUIS monte a 40 supply PUIS lair et +1 PUIS spores, injects et OV et CT

-- Supplies freins à production d'unités

30 OV
36 Evo + B3
40 +1 et lair
44 spores

Time

  • Played on: Dec. 6, 2019, 2:54 p.m.
  • Length: 5:24
Show
View Real Time Build Order
Export as new Build Order

Trizztein Zerg 

Build Orders: Hatch First 

Get SALT Encoding   

  6  0:00  Drone  
  13  0:12  Overlord  
  13  0:16  Drone  
  14  0:30  Drone x2  
  16  0:49  Hatchery  
  15  0:52  Drone  
  15  0:55  Drone  
  17  0:59  Drone  
  18  1:06  Extractor  
  17  1:16  Spawning Pool  
  16  1:18  Drone  
  16  1:21  Drone  
  18  1:27  Drone  
  19  1:38  Drone  
  20  1:50  Drone  
  21  2:00  Overlord  
  21  2:05  Zergling x2, Queen x2  
  26  2:11  Drone  
  26  2:12  Drone  
  26  2:14  Metabolic Boost  
  28  2:30  Hatchery  
  28  2:34  Drone  
  28  2:44  Queen  
  28  2:46  Overlord  
  30  2:52  Zergling x4  
  30  2:54  Zergling x2  
  33  3:09  Evolution Chamber  
  32  3:13  Drone x4  
  32  3:15  Drone x2  
  38  3:22  Queen  
  40  3:31  Overlord  
  40  3:33  Drone x2  
  42  3:43  Overlord  
  42  3:49  Drone x3  
  42  3:50  Drone  
  42  3:51  Drone  
  47  4:01  Overlord  
  47  4:09  Drone x7  
  54  4:28  Drone  
  54  4:29  Drone x8  
  63  4:34  Overlord x3  
  63  4:57  Drone x2  
  63  4:58  Drone x2  
  63  4:59  Zergling x2  
  68  5:00  Zergling x16  
  82  5:16  Hatchery  
Show
View Real Time Build Order
Export as new Build Order

A.I. 1 (Medium) Terran - Winner!

Build Orders: 2 Factory 

Get SALT Encoding   

  6  0:00  SCV  
  13  0:13  SCV  
  14  0:18  Supply Depot  
  14  0:25  SCV  
  15  0:40  SCV  
  16  0:43  Barracks  
  16  0:52  SCV  
  17  1:04  SCV  
  18  1:16  Command Center  
  18  1:31  Orbital Command  
  18  1:32  Marine  
  18  1:36  Supply Depot  
  19  1:44  Refinery  
  19  1:50  Marine  
  20  1:57  SCV  
  20  1:58  Barracks  
  21  2:07  Refinery  
  21  2:09  SCV  
  22  2:23  SCV  
  22  2:28  Marine  
  24  2:35  SCV  
  25  2:40  Factory  
  25  2:45  Refinery  
  25  2:46  SCV  
  25  2:51  SCV  
  27  2:53  Barracks Tech Lab  
  27  2:59  Refinery  
  27  3:08  SCV  
  27  3:12  Factory  
  28  3:14  Barracks Tech Lab  
  28  3:23  Hellion, SCV  
  28  3:26  SCV  
  32  3:35  SCV  
  32  3:38  Marine  
  34  3:45  Factory Tech Lab  
  34  3:53  Marauder  
  34  3:54  Supply Depot  
  36  3:55  Factory Tech Lab  
  36  3:59  SCV  
  37  4:03  SCV  
  37  4:08  Reaper  
  39  4:11  SCV  
  39  4:16  SCV  
  41  4:21  Supply Depot  
  41  4:23  Siege Tank, SCV  
  45  4:28  SCV  
  46  4:35  SCV  
  49  4:38  Widow Mine  
  49  4:43  SCV  
  50  4:48  Supply Depot, SCV  
  51  4:53  Marine  
  51  4:55  SCV  
  53  5:00  SCV  
  54  5:10  SCV  
  56  5:15  Supply Depot  
Tags
 
Add a new tag
Caveats
  • Supply blocks, unpowered buildings, or Contaminate may cause inaccurate times.
  • Supply counts are checked every 10 seconds.